cohdb
Replays
Latest Replays
All Replays
Popular Replays
Top Player Replays
Match Explorer
How It Works
Community
CoH3 Stats
Reddit
Sign in to upload your games and track your stats! →
Sign in with Steam
Match 42956322
Unlisted
Match 42956322
Overview
Messages
Build Orders
End
Royal Engineer Section
Royal Engineer Section
Royal Engineer Section
Vickers Machine Gun Team
Vickers Machine Gun Team
Vickers Machine Gun Team
Construct Field Infirmary
Construct Section Command Post
Construct Platoon Command Post
Selects Heavy Armor Battlegroup
Selects Engineer Detachments
Selects Light Vehicle Withdraw and Refit
Construct Company Command Post
Foot Guards Section
Crusader II Medium Tank
Selects Forward Repair Assembly
Foot Guards Section
Infantry Training
Selects Forward Repair Assembly
Crusader II Medium Tank
Armored Vehicle Training
ConcernedApe
Surveillance-Buoy 2
Anhangá
I AM NOOB
0
0
Comments
sign in to comment!
No comments posted yet!